 Dungeon Crawl Stone Soup version 0.17.0-28-g6e173f8 (webtiles) character file.

44 Ithica the Shield-Bearer (level 3, 0/33 HPs)
             Began as a Minotaur Fighter on Nov 27, 2015.
             Slain by a hobgoblin (3 damage)
             ... led by Robin
             ... on level 2 of the Dungeon.
             The game lasted 00:02:52 (1492 turns).

Ithica the Shield-Bearer (Minotaur Fighter)         Turns: 1492, Time: 00:02:54

Health: 0/33       AC:  7    Str: 21    XL:     3   Next: 41%
Magic:  2/2        EV:  7    Int:  5    God:
Gold:   162        SH:  9    Dex:  9    Spells: 0 memorised, 2 levels left

rFire  . . .     SeeInvis .     a - +0 long sword
rCold  . . .     Clarity  .     b - +0 scale mail
rNeg   . . .     SustAt   .     c - +0 shield
rPois  .         Gourm    .     (helmet restricted)
rElec  .         Spirit   .     (no cloak)
rCorr  .         Warding  .     (no gloves)
rMut   .         Stasis   .     (no boots)
MR     .....                    (no amulet)
Stlth  ..........               (no ring)
                                (no ring)

@: not resistant to hostile enchantments, extremely unstealthy
A: retaliatory headbutt, horns 2
a: no special abilities


You were on level 2 of the Dungeon.
You were near starving.

You visited 1 branch of the dungeon, and saw 3 of its levels.

You collected 162 gold pieces.

Inventory:

Hand Weapons
 a - a +0 long sword (weapon)
Armour
 b - a +0 scale mail (worn)
 c - a +0 shield (worn)
Jewellery
 m - an uncursed ring of poison resistance {unknown}
 o - a cursed ring of teleportation {unknown}
Scrolls
 f - a scroll of blinking {unknown}
 g - 3 scrolls of teleportation {unknown}
 j - a scroll of magic mapping {unknown}
 n - a scroll of remove curse {unknown}
Potions
 d - a potion of might
 h - a potion of lignification {unknown}
 i - 3 potions of curing {unknown}
 l - 2 potions of heal wounds {unknown}
Comestibles
 e - a bread ration
 k - a slice of pizza
 p - a royal jelly


   Skills:
 + Level 4.1 Fighting
 + Level 3.1 Long Blades
 + Level 3.9 Armour
 + Level 1.0 Dodging
 + Level 4.1 Shields


You had 2 spell levels left.
You didn't know any spells.

Dungeon Overview and Level Annotations

Branches:
Dungeon (3/15)

Altars:

Annotations:
D:3 Robin


Innate Abilities, Weirdness & Mutations

You reflexively headbutt those who attack you in melee.
You have a pair of horns on your head.


Message History

You closely miss the goblin. The hobgoblin barely misses you.
The goblin hits you.
* * * LOW HITPOINT WARNING * * *
You block the goblin's attack. x2
The hobgoblin closely misses you.
The hobgoblin hits you but does no damage.
You hit the goblin.
You kill the goblin!
The goblin barely misses you. You furiously retaliate!
You headbutt the goblin, but do no damage.
You block the hobgoblin's attack. You block the goblin's attack.
The goblin hits you but does no damage. The hobgoblin hits you with a club.
* * * LOW HITPOINT WARNING * * *
You closely miss the goblin. You block the goblin's attack.
The hobgoblin hits you but does no damage.
The goblin hits you but does no damage. x2
The goblin barely misses you. You furiously retaliate!
You headbutt the goblin, but do no damage.
The hobgoblin barely misses you. The hobgoblin hits you.
You die... # #.......######.###.# # #########........#.# ######....# #.###.##.#.# ##........# #.# #.##.#.# ##.##.....# #.###.##.#.# ##.##.....# #.....##.#.# ##.##.....# #..#####.#.# ...##.....# #sgg#

#.#.# ..........#####g@#
#.#.# ####.....#.....gg#
#.#.# ..##.#.###.####.##
#...# ..##.#.###......#
##### ..##.#......#####
####.####...#
####....#...######
....###.###.#....#
....#.......#.##.##########


You could see a giant cockroach, 2 hobgoblins and 3 goblins.

Vanquished Creatures
  An adder (D:2)
  A giant gecko (D:2)
  A ball python (D:1)
  10 goblins
  6 hobgoblins
  2 kobolds
  6 bats
  A giant newt (D:2)
  6 rats
34 creatures vanquished.

Notes
Turn   | Place    | Note
--------------------------------------------------------------
     0 | D:1      | Ithica the Minotaur Fighter began the quest for the Orb.
     0 | D:1      | Reached XP level 1. HP: 19/19 MP: 0/0
   140 | D:1      | Reached XP level 2. HP: 21/27 MP: 1/1
   195 | D:1      | Reached skill level 4 in Shields
  1029 | D:2      | Found a faded altar to an unknown god.
  1047 | D:2      | Reached XP level 3. HP: 14/33 MP: 2/2
  1418 | D:2      | Reached skill level 1 in Dodging
  1463 | D:3      | Noticed Robin
  1492 | D:2      | Slain by a hobgoblin

Action                   || total
-------------------------++-------
Melee: Long sword        ||    84
